 Dungeon Crawl Stone Soup version 0.29.1-debian-4-g95531337e3 (webtiles) character file.

Game seed: 4023460830999466835

955 Dreamer the Insei (level 8, -7/48 HPs)
             Began as an Octopode Transmuter on Sept 13, 2022.
             Mangled by an ogre
             ... wielding a +0 giant club
              (33 damage)
             ... on level 5 of the Dungeon.
             The game lasted 00:13:53 (5990 turns).

Dreamer the Insei (Octopode Transmuter)             Turns: 5990, Time: 00:13:54

Health: -7/48      AC:  2    Str:  9    XL:     8   Next: 14%
Magic:  13/13      EV: 14    Int: 18    God:
Gold:   158        SH:  0    Dex: 12    Spells: 11/14 levels left

rFire   x . .      SeeInvis .     - Unarmed
rCold   + . .      Faith    +   (no shield)
rNeg    . . .      Spirit   .   m - +1 hat
rPois   .          Reflect  .   q - amulet of faith
rElec   .          Harm     .   t - ring of ice
rCorr   .          Rampage  .   (no ring)
Will    .....                   (no ring)
Stlth   ++++......              (no ring)
HPRegen 0.16/turn               (no ring)
MPRegen 0.13/turn               (no ring)
                                (no ring)
                                (no ring)

@: no status effects
A: almost no armour, amphibious, 8 rings, camouflage 1, gelatinous body 1,
(nimble swimmer 1), tentacles
a: no special abilities


You were on level 5 of the Dungeon.
You visited 1 branch of the dungeon, and saw 5 of its levels.

You collected 230 gold pieces.
You spent 72 gold pieces at shops.

Inventory:

Armour
 m - a +1 hat (worn)
Jewellery
 q - an amulet of faith (around mantle)
 t - a ring of ice (left tentacle)
Wands
 r - a wand of digging (6)
Scrolls
 c - a scroll of immolation {unknown}
 d - 3 scrolls of teleportation {unknown}
 e - 3 scrolls of enchant armour {unknown}
 h - 2 scrolls of blinking {unknown}
 i - 2 scrolls of fear {unknown}
 j - a scroll of silence {unknown}
 k - a scroll of poison {unknown}
 o - a scroll of identify
 s - a scroll of vulnerability {unknown}
Potions
 a - a potion of lignification
 b - 9 potions of heal wounds
 f - 3 potions of attraction
 g - a potion of curing
 l - a potion of cancellation
 n - 2 potions of berserk rage
 p - 2 potions of might


   Skills:
 - Level 1.6 Fighting
 + Level 4.0 Dodging
 + Level 5.1 Stealth
 * Level 6.0 Unarmed Combat
 + Level 3.8 Spellcasting
 + Level 4.0 Transmutations


You had 11 spell levels left.
You knew the following spells:

 Your Spells              Type           Power      Damage    Failure   Level
a - Beastly Appendage     Tmut           34%        N/A       3%          1
b - Passwall              Tmut/Erth      8%         N/A       10%         2

Your spell library contained the following spells:

 Spells                   Type           Power      Damage    Failure   Level
 Wereblood                Tmut           17%        N/A       4%          2
 Magic Dart               Conj           12%        1d3       16%         1
 Spider Form              Tmut/Pois      10%        N/A       21%         3
 Call Imp                 Summ           3%         N/A       22%         2
 Ensorcelled Hibernation  Hex/Ice        10%        N/A       22%         2
 Mephitic Cloud           Conj/Pois/Air  3%         N/A       41%         3
 Summon Guardian Golem    Hex/Summ       3%         N/A       41%         3
 Swiftness                Air            3%         N/A       41%         3
 Ice Form                 Ice/Tmut       15%        N/A       54%         4
 Orb of Destruction       Conj           1%         9d5       100%        7
 Spellforged Servitor     Conj/Summ      1%         N/A       100%        7


Dungeon Overview and Level Annotations

Branches:
Dungeon (5/15)
 Temple: D:4-7

Altars:
Hepliaklqana
Ru
Uskayaw
Yredelemnul

Shops:
D:5 :[?

Annotations:
D:3 1 transporter, hofbold's ghost, weakling FoAK


Innate Abilities, Weirdness & Mutations

You cannot wear most types of armour.
You are amphibious.
You can wear up to eight rings at the same time.
Your skin changes colour to match your surroundings (Stealth+).
Your rubbery body absorbs attacks. (AC +1, EV +1)
((You are camouflaged when in or above water. (Stealth+)))
You have tentacles for arms and can constrict up to eight enemies at once.


Message History

(D) Dungeon
Where to? (Enter - D:5 @ (x,y), ? - help)
You see here a +0 robe.
There is an open door here.
A hound is nearby!
The hound barks!
The ogre shouts!
The hound bites you.
There are monsters nearby!
The hound attacks as you move away! The hound completely misses you.
The hound attacks as you move away! The hound barely misses you.
The hound bites you but does no damage. The hound closely misses you.
There is an open door here.
The hound stops to sniff the ground.
The hound bites you.
You tentacle-slap the hound. Your grab misses the hound.
The hound is lightly wounded.
The hound closely misses you.
You closely miss the hound. Your grab misses the hound. You squeeze the hound.
The hound is moderately wounded.
The hound bites you.
You miss the hound. You grab the hound.
The hound is moderately wounded.
You constrict the hound. The hound closely misses you. The hound misses you.
You tentacle-slap the hound but do no damage.
The hound is heavily wounded.
You constrict the hound. The hound closely misses you.
You tentacle-slap the hound. You squeeze the hound.
You kill the hound!
Your Transmutations skill increases to level 4!
You tentacle-slap the ogre.
The ogre is lightly wounded.
The ogre hits you with a +0 giant club!
You closely miss the ogre.
The ogre is lightly wounded.
You tentacle-slap the ogre.
The ogre is moderately wounded.
The ogre hits you with a +0 giant club!!
Ouch! That really hurt!
You die...

#'#####.....#...###.#............
.....##.....#.[###.###...........
............#..#P.PPP#...####..##
#...........#..#^....########..##
#...........#..#^P_..#...........
#...........#..#PP...#...........
#...........#..#P.^PP#...........
#....##.....#..#######...........
.....##.....#...@................
.....##...######O##.##.##########
.....##...###....##)##'##..###...
...........#.....#.....#.........
...........#.....#.....#.........
......#...>#.....#.....#.........
#..##.#....#.....#.....#..(......
....≈......#.....#.....#.........
...≈§§.(...#...........#.........


You could see an ogre.

Vanquished Creatures
  A water moccasin (D:5)
  An ogre (D:5)
  4 necrophages
  A human zombie (D:4)
  2 bullfrog zombies (D:4)
  3 hounds
  An orc priest (D:5)
  A jelly (D:5)
  An iguana (D:4)
  An orc wizard (D:4)
  A hound zombie (D:4)
  2 mummies (D:4)
  4 gnolls
  6 adders
  A white imp (D:5)
  2 adder zombies (D:4)
  A worm (D:2)
  10 orcs
  2 ball pythons
  7 endoplasms
  3 giant cockroaches (D:1)
  5 goblins
  10 hobgoblins
  6 jackals (D:3)
  A quokka (D:4)
  3 bats (D:1)
  4 frilled lizards
  4 kobolds
  A quokka zombie (D:4)
  3 rats
92 creatures vanquished.

Notes
Turn   | Place    | Note
-------+----------+-------------------------------------------
     0 | D:1      | Dreamer the Octopode Transmuter began the quest for the
                  | Orb.
     0 | D:1      | Reached XP level 1. HP: 13/13 MP: 3/3
   352 | D:1      | Reached XP level 2. HP: 13/18 MP: 5/5
   680 | D:1      | Reached skill level 1 in Stealth
   680 | D:1      | Reached XP level 3. HP: 8/23 MP: 6/6
  2046 | D:2      | Found a faded altar of an unknown god.
  2229 | D:3      | Found a transporter.
  2230 | D:3      | Noticed hofbold's ghost (weakling FoAK)
  2230 | D:3      | Noticed an ogre
  2453 | D:3      | Reached XP level 4. HP: 28/28 MP: 7/7
  3086 | D:3      | Identified the +0 dire flail "Spiderbane" {vorpal, rN++}
  3086 | D:3      | Noticed an ogre
  3319 | D:4      | Learned a level 2 spell: Passwall
  3458 | D:4      | Reached XP level 5. HP: 30/33 MP: 8/8
  3511 | D:4      | Reached skill level 4 in Unarmed Combat
  3962 | D:4      | Reached XP level 6. HP: 37/38 MP: 10/10
  4134 | D:4      | Found a basalt altar of Yredelemnul.
  4204 | D:4      | Reached skill level 5 in Unarmed Combat
  4204 | D:4      | Reached XP level 7. HP: 39/43 MP: 11/11
  4660 | D:5      | Entered Level 5 of the Dungeon
  4664 | D:5      | Noticed a +0 dagger
  4664 | D:5      | Noticed a +0 hand axe
  4665 | D:5      | Found a hide-covered altar of Uskayaw.
  4726 | D:5      | Found Yraakliof's Book Shoppe.
  4739 | D:5      | Found Poisova's Antique Armour Boutique.
  5078 | D:5      | Found a hazy altar of Hepliaklqana.
  5200 | D:5      | Found Gouff's Magic Scroll Shop.
  5203 | D:5      | Bought a scroll of identify for 24 gold pieces
  5203 | D:5      | Bought a scroll of identify for 24 gold pieces
  5203 | D:5      | Bought a scroll of identify for 24 gold pieces
  5590 | D:5      | Reached XP level 8. HP: 48/48 MP: 13/13
  5621 | D:5      | Reached skill level 5 in Stealth
  5621 | D:5      | Reached skill level 6 in Unarmed Combat
  5935 | D:5      | Found a sacrificial altar of Ru.
  5990 | D:5      | Mangled by an ogre

Illustrated notes

Levels and vault maps discovered:
D:1:      minmay_arrival_cross, layout_loops_corners
D:2:      layout_loops_ring, hellmonk_ecumenical_altar_prayer_group
D:3:      layout_basic, gammafunk_ghost_smash, hangedman_decor_diamond_cutter
D:4:      layout_loops_ring, lemuel_mausoleum_altar_yredelemnul, minmay_vboxes
D:5:      layout_gridville, dancing_weapons_uskayaw,
          nicolae_hepliaklqana_hippocampus, nicolae_ru_the_path_less_chosen,
          serial_shops, kennysheep_mini, nicolae_diamond_shop,
          nicolae_diamond_shop, chequers_serial_rivers_large_b,
          kennysheep_small_spiral

Skill      XL: |  1  2  3  4  5  6  7  8 |
---------------+-------------------------+-----
Stealth        | 1 2 3 4 5 |  5.1
Unarmed Combat | 4 5 6 |  6.0
Dodging        | 3 4 |  4.0
Spellcasting   | 3 |  3.8
Transmutations | 3 4 |  4.0
Fighting       | |  1.6

Action                   |  1- 3 |  4- 6 |  7- 9 || total
-------------------------+-------+-------+-------++-------
Melee: Unarmed           |    19 |    14 |    39 ||    72
       Constrict         |    16 |    22 |    16 ||    54
       Tentacles         |    14 |    23 |    20 ||    57
       Mace              |    41 |    65 |       ||   106
       Punch             |     2 |     5 |     3 ||    10
       Morningstar       |       |    24 |    29 ||    53
 Cast: Beastly Appendage |       |       |     2 ||     2
  Use: Scroll            |       |     3 |     4 ||     7
 Stab: Sleeping          |     8 |     7 |     8 ||    23
Armor: Skin              |    15 |    21 |     7 ||    43
Dodge: Dodged            |    25 |    72 |    36 ||   133
